Oilers vs Avalanche

Created - 14 février 2025 at 20:59

Goals
1 2 3 T
Oilers 0 0 1 1
Avalanche 1 0 1 2
Shots
1 2 3 T
Oilers 8 12 8 28
Avalanche 14 9 9 32

GoalsPenalties
1st period
1. Avalanche , Blake Wheeler 8 (Vladimir Tarasenko 23, Tyler Myers 16) at 1:45
Martin Fehervary (COL) for Hooking (Minor) at 15:50
2nd period
No Goal
Artem Zub (COL) for Cross-checking (Minor) at 2:41
Brandon Hagel (EDM) for Roughing (Minor) at 16:09
Tyler Myers (COL) for Hooking (Minor) at 18:32
3rd period
2. Avalanche , Joe Pavelski 8 (Tim Stutzle 34, Vincent Trocheck 40) at 16:32
3. Oilers , Dylan Strome 17 (Cole Perfetti 14, Brandon Hagel 26) at 19:11 (PP)
Henry Thrun (COL) for Interference (Minor) at 18:13
Goalie Stats
Jack Campbell (EDM), 30 saves from 32 shots - (0,938), L, 8-13-2, 59:21 minutes
Stuart Skinner (COL), 27 saves from 28 shots - (0,964), W, 29-15-5, 60:00 minutes
3 StarsOfficial
1 - Stuart Skinner (COL)
2 - Blake Wheeler (COL)
3 - Joe Pavelski (COL)
Referees : Pierre Lambert and Brian Pochmara
Linesman : Stephen Drain and Jeff Walker
Game Note
No Game Note
Finance
Level 1 -- Attendance: 5760 (88,62%) -- Ticket Income $604,800
Level 2 -- Attendance: 5000 (100,00%) -- Ticket Income $400,000
Level 3 -- Attendance: 3284 (93,83%) -- Ticket Income $229,880
Level 4 -- Attendance: 2007 (100,00%) -- Ticket Income $100,350
Luxury Box -- Attendance: 673 (67,30%) -- Ticket Income $201,900
Game was played at the Pepsi Center.
Total Attendance: 16724 (92,87%)
Total Ticket Income: $1,536,930
Other Income: $384,232
Total Income: $1,921,162



Team Name Goals Shots Shots Attemp Shots Blocked PIM HIT PP PK FO%
Oilers 1286472201 / 4 (25%)043%
Avalanche 2325488220 / 1 (0%)158%

Oilers
Player Name POS G A P +/- PIM HIT SHT SB MP PP MP PP SHT PK MP PK SHT FO% FOT
Brandon HagelLW0110223016:313:0730:00050% 2
Casey CizikasC0000012013:130:0001:02050% 16
Cole PerfettiC011-1011016:143:2700:0000% 0
Dylan StromeC1010001016:303:0510:00043% 21
Evan RodriguesC0000012015:393:2810:0000% 0
Jackson LaCombeD0000011122:233:2810:5700% 0
JJ PeterkaRW0000002016:303:0510:0000% 2
Jordan StaalC000-1036013:540:0001:11153% 17
Kasperi KapanenRW000-1003016:313:4810:0000% 1
Marco RossiC000-1012016:373:5000:00032% 19
Mattias SamuelssonD000-1022015:020:0000:0000% 0
Nico SturmC000-1003012:580:0000:1500% 0
Nils HoglanderLW000-1000114:170:0001:30050% 2
Ryan JohansenC0000000016:013:5000:0000% 0
Ryan PulockD000-1010222:353:2701:0200% 0
Scott MayfieldD000-1060019:080:0001:0200% 0
Troy StecherD000-1000315:020:0000:0000% 0
Vladislav GavrikovD0000010018:550:0000:5700% 0
Avalanche
Player Name POS G A P +/- PIM HIT SHT SB MP PP MP PP SHT PK MP PK SHT FO% FOT
Adam HenriqueC0000002120:080:0003:35048% 21
Alexandre CarrierD0001010217:520:0001:4200% 0
Aliaksei ProtasC000000008:190:0003:2000% 0
Artem ZubD0001251020:331:1602:4000% 0
Blake WheelerRW1011012014:191:1600:00073% 22
Connor DewarC000000209:220:0003:3510% 0
Henry ThrunD0001212116:400:0000:1600% 0
Joe PavelskiC1011002016:310:0000:0000% 0
Martin FehervaryD0000222223:131:1603:2700% 0
Mikey AndersonD0000020023:130:4304:2700% 0
Mikko RantanenRW0000032016:280:4300:0000% 0
Nick BjugstadC000001009:070:0003:20067% 15
Ross ColtonC0001003013:030:0000:0000% 1
Tim StutzleC0111013017:471:1600:000100% 1
Troy TerryRW0000002016:280:4300:000100% 1
Tyler MyersD0111221218:250:4301:1800% 0
Vincent TrocheckC0111033017:140:4310:00042% 19
Vladimir TarasenkoRW0111005014:191:1600:0000% 0



Play-by-Play

1st period


0:01 of 1st period - Dylan Strome wins face-off versus Vincent Trocheck in neutral zone.
0:08 of 1st period - Shot by JJ Peterka.
0:08 of 1st period - Shot Misses the Net.
1:11 of 1st period - Off-side.
1:12 of 1st period - Marco Rossi wins face-off versus Blake Wheeler in neutral zone.
1:16 of 1st period - Troy Stecher is hit by Henry Thrun and loses puck.
1:45 of 1st period - Shot by Vladimir Tarasenko.
1:45 of 1st period - Deflect By Blake Wheeler.
1:45 of 1st period - Goal by Blake Wheeler - Oilers : 0 - Avalanche : 1.
1:46 of 1st period - Casey Cizikas wins face-off versus Adam Henrique in neutral zone.
1:48 of 1st period - Off-side.
1:49 of 1st period - Casey Cizikas wins face-off versus Adam Henrique in neutral zone.
1:49 of 1st period - Casey Cizikas is hit by Mikko Rantanen.
1:53 of 1st period - Mikko Rantanen is hit by Evan Rodrigues.
2:07 of 1st period - Shot by Casey Cizikas.
2:07 of 1st period - Shot Misses the Net.
2:54 of 1st period - Shot by Nick Bjugstad.
2:54 of 1st period - Shot Misses the Net.
2:56 of 1st period - Shot by Nick Bjugstad.
2:56 of 1st period - Shot Blocked by Jackson LaCombe.
2:58 of 1st period - Shot by Henry Thrun.
2:58 of 1st period - Shot Misses the Net.
3:00 of 1st period - Shot by Connor Dewar.
3:00 of 1st period - Stopped by Jack Campbell without a rebound.
3:01 of 1st period - Jordan Staal wins face-off versus Ross Colton in Oilers zone.
3:21 of 1st period - Shot by Jordan Staal.
3:21 of 1st period - Stopped by Stuart Skinner without a rebound.
3:22 of 1st period - Marco Rossi wins face-off versus Vincent Trocheck in Avalanche zone.
3:22 of 1st period - Marco Rossi is hit by Tyler Myers.
3:38 of 1st period - Shot by Joe Pavelski.
3:38 of 1st period - Shot Blocked by Ryan Pulock.
3:46 of 1st period - Shot by Vincent Trocheck.
3:46 of 1st period - Shot Blocked by Ryan Pulock.
4:15 of 1st period - Off-side.
4:16 of 1st period - Jordan Staal wins face-off versus Adam Henrique in neutral zone.
4:19 of 1st period - Shot by Kasperi Kapanen.
4:19 of 1st period - Shot Blocked by Alexandre Carrier.
4:36 of 1st period - Shot by Troy Terry.
4:36 of 1st period - Shot Misses the Net.
5:44 of 1st period - JJ Peterka is hit by Martin Fehervary and loses puck.
6:37 of 1st period - Shot by Joe Pavelski.
6:37 of 1st period - Shot Misses the Net.
6:39 of 1st period - Shot by Tyler Myers.
6:39 of 1st period - Stopped by Jack Campbell without a rebound.
6:40 of 1st period - Nick Bjugstad wins face-off versus Casey Cizikas in Oilers zone.
6:54 of 1st period - Nick Bjugstad is hit by Scott Mayfield and loses puck.
7:16 of 1st period - Evan Rodrigues is hit by Artem Zub and loses puck.
7:53 of 1st period - Shot by Marco Rossi.
7:53 of 1st period - Stopped by Stuart Skinner without a rebound.
7:54 of 1st period - Blake Wheeler wins face-off versus Marco Rossi in Avalanche zone.
7:56 of 1st period - Icing by Vladimir Tarasenko.
7:57 of 1st period - Blake Wheeler wins face-off versus Marco Rossi in Avalanche zone.
9:01 of 1st period - Off-side.
9:02 of 1st period - Vincent Trocheck wins face-off versus Jordan Staal in neutral zone.
9:14 of 1st period - Icing by Scott Mayfield.
9:15 of 1st period - Adam Henrique wins face-off versus Jordan Staal in Oilers zone.
9:15 of 1st period - Adam Henrique is hit by Scott Mayfield.
9:41 of 1st period - Shot by Jordan Staal.
9:41 of 1st period - Stopped by Stuart Skinner without a rebound.
9:42 of 1st period - Casey Cizikas wins face-off versus Vincent Trocheck in Avalanche zone.
9:49 of 1st period - Casey Cizikas is hit by Vincent Trocheck and loses puck.
10:35 of 1st period - Icing by Vladislav Gavrikov.
10:36 of 1st period - Adam Henrique wins face-off versus Casey Cizikas in Oilers zone.
10:39 of 1st period - Shot by Mikko Rantanen.
10:39 of 1st period - Shot Misses the Net.
10:45 of 1st period - Shot by Mikko Rantanen.
10:45 of 1st period - Deflect By Adam Henrique.
10:45 of 1st period - Stopped by Jack Campbell with a rebound.
10:47 of 1st period - Shot by Martin Fehervary.
10:47 of 1st period - Stopped by Jack Campbell with a rebound.
10:51 of 1st period - Shot by Mikko Rantanen.
10:51 of 1st period - Stopped by Jack Campbell with a rebound.
10:53 of 1st period - Shot by Martin Fehervary.
10:53 of 1st period - Stopped by Jack Campbell without a rebound.
10:54 of 1st period - Blake Wheeler wins face-off versus Jordan Staal in Oilers zone.
10:54 of 1st period - Ross Colton is hit by Scott Mayfield and loses puck.
11:34 of 1st period - Shot by Vladimir Tarasenko.
11:34 of 1st period - Stopped by Jack Campbell without a rebound.
11:35 of 1st period - Troy Terry wins face-off versus Dylan Strome in Oilers zone.
11:59 of 1st period - Shot by Adam Henrique.
11:59 of 1st period - Stopped by Jack Campbell without a rebound.
12:00 of 1st period - Marco Rossi wins face-off versus Vincent Trocheck in Oilers zone.
12:35 of 1st period - Shot by Joe Pavelski.
12:35 of 1st period - Shot Blocked by Nils Hoglander.
12:39 of 1st period - Shot by Tim Stutzle.
12:39 of 1st period - Shot Misses the Net.
12:41 of 1st period - Shot by Tim Stutzle.
12:41 of 1st period - Shot Misses the Net.
12:43 of 1st period - Shot by Vincent Trocheck.
12:43 of 1st period - Stopped by Jack Campbell without a rebound.
12:44 of 1st period - Adam Henrique wins face-off versus Dylan Strome in Oilers zone.
12:52 of 1st period - Off-side.
12:53 of 1st period - Adam Henrique wins face-off versus Dylan Strome in neutral zone.
12:56 of 1st period - Scott Mayfield is hit by Mikko Rantanen and loses puck.
13:02 of 1st period - Troy Terry is hit by Ryan Pulock and loses puck.
13:15 of 1st period - Shot by Adam Henrique.
13:15 of 1st period - Deflect By Mikko Rantanen.
13:15 of 1st period - Stopped by Jack Campbell without a rebound.
13:16 of 1st period - Blake Wheeler wins face-off versus Jordan Staal in Oilers zone.
13:16 of 1st period - Vladimir Tarasenko is hit by Mattias Samuelsson and loses puck.
13:23 of 1st period - Shot by Ross Colton.
13:23 of 1st period - Shot Misses the Net.
13:27 of 1st period - Shot by Ross Colton.
13:27 of 1st period - Stopped by Jack Campbell without a rebound.
13:28 of 1st period - Vincent Trocheck wins face-off versus Marco Rossi in Oilers zone.
14:01 of 1st period - Vincent Trocheck is hit by Scott Mayfield and loses puck.
15:01 of 1st period - Shot by Mikko Rantanen.
15:01 of 1st period - Shot Misses the Net.
15:03 of 1st period - Shot by Artem Zub.
15:03 of 1st period - Stopped by Jack Campbell without a rebound.
15:04 of 1st period - Jordan Staal wins face-off versus Blake Wheeler in Oilers zone.
15:38 of 1st period - Shot by Vladimir Tarasenko.
15:38 of 1st period - Deflect By Ross Colton.
15:38 of 1st period - Stopped by Jack Campbell without a rebound.
15:39 of 1st period - Dylan Strome wins face-off versus Nick Bjugstad in Oilers zone.
15:39 of 1st period - Dylan Strome is hit by Nick Bjugstad.
15:50 of 1st period - Minor Penalty to Martin Fehervary for Hooking.
15:51 of 1st period - Dylan Strome wins face-off versus Adam Henrique in Avalanche zone.
15:54 of 1st period - Shot by Brandon Hagel.
15:54 of 1st period - Stopped by Stuart Skinner without a rebound.
15:55 of 1st period - Dylan Strome wins face-off versus Nick Bjugstad in Avalanche zone.
15:56 of 1st period - Shot by Jackson LaCombe.
15:56 of 1st period - Stopped by Stuart Skinner without a rebound.
15:57 of 1st period - Nick Bjugstad wins face-off versus Dylan Strome in Avalanche zone.
16:24 of 1st period - Shot by JJ Peterka.
16:24 of 1st period - Stopped by Stuart Skinner with a rebound.
17:07 of 1st period - Shot by Ryan Johansen.
17:07 of 1st period - Shot Misses the Net.
17:09 of 1st period - Shot by Kasperi Kapanen.
17:09 of 1st period - Stopped by Stuart Skinner without a rebound.
17:10 of 1st period - Nick Bjugstad wins face-off versus Marco Rossi in Avalanche zone.
17:26 of 1st period - Ryan Johansen is hit by Mikey Anderson and loses puck.
18:15 of 1st period - Shot by Dylan Strome.
18:15 of 1st period - Shot Misses the Net.
18:38 of 1st period - Icing by Brandon Hagel.
18:39 of 1st period - Adam Henrique wins face-off versus Dylan Strome in Oilers zone.
18:42 of 1st period - Shot by Adam Henrique.
18:42 of 1st period - Deflect By Mikko Rantanen.
18:42 of 1st period - Shot Blocked by Troy Stecher.
19:06 of 1st period - Shot by Casey Cizikas.
19:06 of 1st period - Shot Misses the Net.
19:08 of 1st period - Shot by Casey Cizikas.
19:08 of 1st period - Shot Blocked by Adam Henrique.
19:48 of 1st period - Shot by Nico Sturm.
19:48 of 1st period - Stopped by Stuart Skinner without a rebound.
19:49 of 1st period - Jordan Staal wins face-off versus Blake Wheeler in Avalanche zone.
Goals for this period are 0 for Oilers vs 1 for Avalanche.
Shots for this period are 8 for Oilers vs 14 for Avalanche.

2nd period


0:01 of 2nd period - Jordan Staal wins face-off versus Vincent Trocheck in neutral zone.
0:08 of 2nd period - Shot by Jordan Staal.
0:08 of 2nd period - Stopped by Stuart Skinner with a rebound.
0:10 of 2nd period - Shot by Jordan Staal.
0:10 of 2nd period - Shot Blocked by Alexandre Carrier.
0:12 of 2nd period - Shot by Jordan Staal.
0:12 of 2nd period - Stopped by Stuart Skinner without a rebound.
0:13 of 2nd period - Blake Wheeler wins face-off versus Casey Cizikas in Avalanche zone.
0:30 of 2nd period - Shot by Vladimir Tarasenko.
0:30 of 2nd period - Shot Misses the Net.
0:44 of 2nd period - Shot by Casey Cizikas.
0:44 of 2nd period - Stopped by Stuart Skinner without a rebound.
0:45 of 2nd period - Vincent Trocheck wins face-off versus Jordan Staal in Avalanche zone.
1:06 of 2nd period - Shot by Kasperi Kapanen.
1:06 of 2nd period - Stopped by Stuart Skinner without a rebound.
1:07 of 2nd period - Adam Henrique wins face-off versus JJ Peterka in Avalanche zone.
1:18 of 2nd period - Ryan Pulock is hit by Tyler Myers and loses puck.
1:35 of 2nd period - Shot by Brandon Hagel.
1:35 of 2nd period - Shot Misses the Net.
1:37 of 2nd period - Shot by Brandon Hagel.
1:37 of 2nd period - Deflect By JJ Peterka.
1:37 of 2nd period - Stopped by Stuart Skinner without a rebound.
1:38 of 2nd period - Jordan Staal wins face-off versus Vincent Trocheck in Avalanche zone.
2:41 of 2nd period - Minor Penalty to Artem Zub for Cross-checking.
2:42 of 2nd period - Dylan Strome wins face-off versus Adam Henrique in Avalanche zone.
3:26 of 2nd period - Shot by Brandon Hagel.
3:26 of 2nd period - Stopped by Stuart Skinner with a rebound.
4:24 of 2nd period - Shot by Cole Perfetti.
4:24 of 2nd period - Shot Misses the Net.
4:30 of 2nd period - Shot by Brandon Hagel.
4:30 of 2nd period - Shot Blocked by Martin Fehervary.
4:32 of 2nd period - Shot by Brandon Hagel.
4:32 of 2nd period - Deflect By Dylan Strome.
4:32 of 2nd period - Shot Hit the Post.
4:34 of 2nd period - Shot by Cole Perfetti.
4:34 of 2nd period - Shot Misses the Net.
4:36 of 2nd period - Shot by Brandon Hagel.
4:36 of 2nd period - Stopped by Stuart Skinner without a rebound.
4:37 of 2nd period - Marco Rossi wins face-off versus Nick Bjugstad in Avalanche zone.
4:38 of 2nd period - Shot by Evan Rodrigues.
4:38 of 2nd period - Stopped by Stuart Skinner without a rebound.
4:39 of 2nd period - Nick Bjugstad wins face-off versus Marco Rossi in Avalanche zone.
4:54 of 2nd period - Shot by Jordan Staal.
4:54 of 2nd period - Shot Misses the Net.
4:56 of 2nd period - Shot by Nico Sturm.
4:56 of 2nd period - Stopped by Stuart Skinner without a rebound.
4:57 of 2nd period - Casey Cizikas wins face-off versus Blake Wheeler in Avalanche zone.
5:32 of 2nd period - Shot by Casey Cizikas.
5:32 of 2nd period - Shot Hit the Post.
5:34 of 2nd period - Shot by Casey Cizikas.
5:34 of 2nd period - Shot Misses the Net.
5:36 of 2nd period - Shot by Casey Cizikas.
5:36 of 2nd period - Shot Misses the Net.
6:24 of 2nd period - Icing by Mikey Anderson.
6:25 of 2nd period - Dylan Strome wins face-off versus Adam Henrique in Avalanche zone.
7:22 of 2nd period - Shot by Joe Pavelski.
7:22 of 2nd period - Shot Blocked by Troy Stecher.
7:24 of 2nd period - Shot by Tim Stutzle.
7:24 of 2nd period - Deflect By Joe Pavelski.
7:24 of 2nd period - Stopped by Jack Campbell without a rebound.
7:25 of 2nd period - Nick Bjugstad wins face-off versus Jordan Staal in Oilers zone.
7:39 of 2nd period - Kasperi Kapanen is hit by Artem Zub and loses puck.
7:57 of 2nd period - Shot by Kasperi Kapanen.
7:57 of 2nd period - Stopped by Stuart Skinner without a rebound.
7:58 of 2nd period - Vincent Trocheck wins face-off versus Marco Rossi in Avalanche zone.
8:12 of 2nd period - Marco Rossi is hit by Vincent Trocheck and loses puck.
9:30 of 2nd period - Shot by Troy Terry.
9:30 of 2nd period - Stopped by Jack Campbell without a rebound.
9:31 of 2nd period - Blake Wheeler wins face-off versus Casey Cizikas in Oilers zone.
10:00 of 2nd period - Shot by Blake Wheeler.
10:00 of 2nd period - Stopped by Jack Campbell with a rebound.
10:04 of 2nd period - Shot by Vladimir Tarasenko.
10:04 of 2nd period - Shot Blocked by Troy Stecher.
10:10 of 2nd period - Shot by Vladimir Tarasenko.
10:10 of 2nd period - Stopped by Jack Campbell without a rebound.
10:11 of 2nd period - Vincent Trocheck wins face-off versus Dylan Strome in Oilers zone.
10:18 of 2nd period - Shot by Tim Stutzle.
10:18 of 2nd period - Stopped by Jack Campbell without a rebound.
10:19 of 2nd period - Jordan Staal wins face-off versus Adam Henrique in Oilers zone.
11:34 of 2nd period - Shot by JJ Peterka.
11:34 of 2nd period - Deflect By Brandon Hagel.
11:34 of 2nd period - Shot Misses the Net.
12:01 of 2nd period - Icing by Scott Mayfield.
12:02 of 2nd period - Blake Wheeler wins face-off versus Dylan Strome in Oilers zone.
12:15 of 2nd period - Shot by Vladimir Tarasenko.
12:15 of 2nd period - Stopped by Jack Campbell without a rebound.
12:16 of 2nd period - Nick Bjugstad wins face-off versus Casey Cizikas in Oilers zone.
12:47 of 2nd period - Shot by Evan Rodrigues.
12:47 of 2nd period - Shot Blocked by Tyler Myers.
12:55 of 2nd period - Shot by Mattias Samuelsson.
12:55 of 2nd period - Shot Misses the Net.
12:57 of 2nd period - Shot by Mattias Samuelsson.
12:57 of 2nd period - Shot Blocked by Henry Thrun.
12:59 of 2nd period - Shot by Ryan Johansen.
12:59 of 2nd period - Shot Misses the Net.
13:43 of 2nd period - Cole Perfetti is hit by Martin Fehervary and loses puck.
14:17 of 2nd period - Icing by Alexandre Carrier.
14:18 of 2nd period - Blake Wheeler wins face-off versus Jordan Staal in Avalanche zone.
14:34 of 2nd period - Ryan Pulock is hit by Artem Zub and loses puck.
14:49 of 2nd period - Alexandre Carrier is hit by Jordan Staal and loses puck.
15:42 of 2nd period - Shot by Casey Cizikas.
15:42 of 2nd period - Stopped by Stuart Skinner without a rebound.
15:43 of 2nd period - Brandon Hagel wins face-off versus Vincent Trocheck in Avalanche zone.
15:57 of 2nd period - Joe Pavelski is hit by Vladislav Gavrikov and loses puck.
16:09 of 2nd period - Minor Penalty to Brandon Hagel for Roughing.
16:10 of 2nd period - Blake Wheeler wins face-off versus Casey Cizikas in Oilers zone.
16:24 of 2nd period - Vladimir Tarasenko is hit by Scott Mayfield and loses puck.
17:22 of 2nd period - Shot by Troy Terry.
17:22 of 2nd period - Deflect By Mikko Rantanen.
17:22 of 2nd period - Shot Misses the Net.
17:24 of 2nd period - Shot by Vincent Trocheck.
17:24 of 2nd period - Stopped by Jack Campbell without a rebound.
17:25 of 2nd period - Nils Hoglander wins face-off versus Vincent Trocheck in Oilers zone.
17:36 of 2nd period - Shot by Jordan Staal.
17:36 of 2nd period - Stopped by Stuart Skinner without a rebound.
17:37 of 2nd period - Jordan Staal wins face-off versus Blake Wheeler in Avalanche zone.
18:14 of 2nd period - Icing by Dylan Strome.
18:15 of 2nd period - Adam Henrique wins face-off versus JJ Peterka in Oilers zone.
18:16 of 2nd period - Shot by Henry Thrun.
18:16 of 2nd period - Stopped by Jack Campbell with a rebound.
18:28 of 2nd period - Tyler Myers is hit by Brandon Hagel and loses puck.
18:32 of 2nd period - Minor Penalty to Tyler Myers for Hooking.
18:33 of 2nd period - Nick Bjugstad wins face-off versus Marco Rossi in Avalanche zone.
19:06 of 2nd period - Icing by Ryan Johansen.
19:07 of 2nd period - Adam Henrique wins face-off versus Marco Rossi in Oilers zone.
19:18 of 2nd period - Shot by Connor Dewar.
19:18 of 2nd period - Stopped by Jack Campbell with a rebound.
19:51 of 2nd period - Shot by Dylan Strome.
19:51 of 2nd period - Shot Hit the Post.
Goals for this period are 0 for Oilers vs 0 for Avalanche.
Shots for this period are 12 for Oilers vs 9 for Avalanche.

3rd period


0:01 of 3rd period - Nick Bjugstad wins face-off versus Dylan Strome in neutral zone.
0:06 of 3rd period - Icing by Jackson LaCombe.
0:07 of 3rd period - Nick Bjugstad wins face-off versus Brandon Hagel in Oilers zone.
0:38 of 3rd period - Shot by Henry Thrun.
0:38 of 3rd period - Stopped by Jack Campbell without a rebound.
0:39 of 3rd period - Adam Henrique wins face-off versus Marco Rossi in Oilers zone.
0:52 of 3rd period - Shot by Marco Rossi.
0:52 of 3rd period - Stopped by Stuart Skinner without a rebound.
0:53 of 3rd period - Casey Cizikas wins face-off versus Vincent Trocheck in Avalanche zone.
1:10 of 3rd period - Ryan Johansen is hit by Vincent Trocheck and loses puck.
1:20 of 3rd period - Tim Stutzle is hit by Jackson LaCombe and loses puck.
1:59 of 3rd period - Shot by Jordan Staal.
1:59 of 3rd period - Stopped by Stuart Skinner without a rebound.
2:00 of 3rd period - Marco Rossi wins face-off versus Adam Henrique in Avalanche zone.
2:13 of 3rd period - Shot by Nils Hoglander.
2:13 of 3rd period - Shot Misses the Net.
2:15 of 3rd period - Shot by Mattias Samuelsson.
2:15 of 3rd period - Stopped by Stuart Skinner without a rebound.
2:16 of 3rd period - Blake Wheeler wins face-off versus Dylan Strome in Avalanche zone.
2:16 of 3rd period - Vladimir Tarasenko is hit by Brandon Hagel and loses puck.
2:37 of 3rd period - Icing by Vladimir Tarasenko.
2:38 of 3rd period - Blake Wheeler wins face-off versus Jordan Staal in Avalanche zone.
2:57 of 3rd period - Icing by Tyler Myers.
2:58 of 3rd period - Blake Wheeler wins face-off versus Marco Rossi in Avalanche zone.
2:58 of 3rd period - Blake Wheeler is hit by Cole Perfetti.
3:15 of 3rd period - Vladislav Gavrikov is hit by Blake Wheeler.
3:33 of 3rd period - Icing by Adam Henrique.
3:34 of 3rd period - Casey Cizikas wins face-off versus Adam Henrique in Avalanche zone.
3:43 of 3rd period - Shot by Evan Rodrigues.
3:43 of 3rd period - Stopped by Stuart Skinner without a rebound.
3:44 of 3rd period - Dylan Strome wins face-off versus Vincent Trocheck in Avalanche zone.
3:47 of 3rd period - Shot by Dylan Strome.
3:47 of 3rd period - Shot Misses the Net.
3:56 of 3rd period - Icing by Tim Stutzle.
3:57 of 3rd period - Vincent Trocheck wins face-off versus Kasperi Kapanen in Avalanche zone.
4:20 of 3rd period - Shot by Jordan Staal.
4:20 of 3rd period - Deflect By Kasperi Kapanen.
4:20 of 3rd period - Shot Misses the Net.
4:24 of 3rd period - Shot by Nico Sturm.
4:24 of 3rd period - Stopped by Stuart Skinner without a rebound.
4:25 of 3rd period - Casey Cizikas wins face-off versus Adam Henrique in Avalanche zone.
4:41 of 3rd period - Shot by Troy Terry.
4:41 of 3rd period - Shot Misses the Net.
4:49 of 3rd period - Shot by Troy Terry.
4:49 of 3rd period - Stopped by Jack Campbell without a rebound.
4:50 of 3rd period - Blake Wheeler wins face-off versus Dylan Strome in Oilers zone.
5:20 of 3rd period - JJ Peterka is hit by Mikey Anderson.
6:06 of 3rd period - Shot by Nils Hoglander.
6:06 of 3rd period - Shot Misses the Net.
6:17 of 3rd period - Troy Terry is hit by Scott Mayfield and loses puck.
6:25 of 3rd period - Icing by Ryan Pulock.
6:26 of 3rd period - Marco Rossi wins face-off versus Vincent Trocheck in Oilers zone.
6:26 of 3rd period - Nils Hoglander is hit by Tim Stutzle and loses puck.
6:48 of 3rd period - Off-side.
6:49 of 3rd period - Casey Cizikas wins face-off versus Nick Bjugstad in neutral zone.
6:59 of 3rd period - Icing by Alexandre Carrier.
7:00 of 3rd period - Jordan Staal wins face-off versus Nick Bjugstad in Avalanche zone.
7:00 of 3rd period - Jordan Staal is hit by Artem Zub.
8:47 of 3rd period - Off-side.
8:48 of 3rd period - Vincent Trocheck wins face-off versus Dylan Strome in neutral zone.
8:51 of 3rd period - Shot by Tim Stutzle.
8:51 of 3rd period - Stopped by Jack Campbell without a rebound.
8:52 of 3rd period - Tim Stutzle wins face-off versus Dylan Strome in Oilers zone.
10:38 of 3rd period - Marco Rossi is hit by Alexandre Carrier and loses puck.
11:01 of 3rd period - Mattias Samuelsson is hit by Mikko Rantanen.
11:07 of 3rd period - Artem Zub is hit by Casey Cizikas and loses puck.
11:28 of 3rd period - Shot by Casey Cizikas.
11:28 of 3rd period - Shot Misses the Net.
11:39 of 3rd period - Kasperi Kapanen is hit by Artem Zub and loses puck.
11:58 of 3rd period - Vladimir Tarasenko is hit by Jordan Staal and loses puck.
12:05 of 3rd period - Shot by Martin Fehervary.
12:05 of 3rd period - Shot Misses the Net.
12:13 of 3rd period - Shot by Vladimir Tarasenko.
12:13 of 3rd period - Stopped by Jack Campbell with a rebound.
12:15 of 3rd period - Shot by Mikey Anderson.
12:15 of 3rd period - Shot Misses the Net.
13:52 of 3rd period - Shot by Nils Hoglander.
13:52 of 3rd period - Shot Blocked by Martin Fehervary.
13:54 of 3rd period - Shot by Mattias Samuelsson.
13:54 of 3rd period - Shot Misses the Net.
13:56 of 3rd period - Shot by Mattias Samuelsson.
13:56 of 3rd period - Shot Misses the Net.
14:00 of 3rd period - Shot by Cole Perfetti.
14:00 of 3rd period - Stopped by Stuart Skinner without a rebound.
14:01 of 3rd period - Blake Wheeler wins face-off versus Casey Cizikas in Avalanche zone.
14:12 of 3rd period - Icing by Alexandre Carrier.
14:13 of 3rd period - Blake Wheeler wins face-off versus Marco Rossi in Avalanche zone.
14:18 of 3rd period - Shot by Ross Colton.
14:18 of 3rd period - Stopped by Jack Campbell with a rebound.
14:23 of 3rd period - Icing by Cole Perfetti.
14:24 of 3rd period - Vincent Trocheck wins face-off versus Marco Rossi in Oilers zone.
14:24 of 3rd period - Tim Stutzle is hit by Mattias Samuelsson.
14:50 of 3rd period - Shot by Vincent Trocheck.
14:50 of 3rd period - Shot Misses the Net.
14:54 of 3rd period - Shot by Vincent Trocheck.
14:54 of 3rd period - Stopped by Jack Campbell without a rebound.
14:55 of 3rd period - Adam Henrique wins face-off versus Casey Cizikas in Oilers zone.
15:06 of 3rd period - Shot by Ryan Johansen.
15:06 of 3rd period - Shot Misses the Net.
15:12 of 3rd period - Shot by Casey Cizikas.
15:12 of 3rd period - Shot Misses the Net.
15:14 of 3rd period - Shot by Casey Cizikas.
15:14 of 3rd period - Shot Misses the Net.
16:00 of 3rd period - Vincent Trocheck is hit by Jordan Staal and loses puck.
16:30 of 3rd period - Shot by Tim Stutzle.
16:30 of 3rd period - Stopped by Jack Campbell with a rebound.
16:32 of 3rd period - Shot by Joe Pavelski.
16:32 of 3rd period - Goal by Joe Pavelski - Oilers : 0 - Avalanche : 2.
16:33 of 3rd period - Blake Wheeler wins face-off versus Nils Hoglander in neutral zone.
16:42 of 3rd period - Shot by Blake Wheeler.
16:42 of 3rd period - Deflect By Vladimir Tarasenko.
16:42 of 3rd period - Stopped by Jack Campbell without a rebound.
16:43 of 3rd period - Dylan Strome wins face-off versus Blake Wheeler in Oilers zone.
18:10 of 3rd period - Shot by Nils Hoglander.
18:10 of 3rd period - Shot Blocked by Tyler Myers.
18:12 of 3rd period - Shot by Mattias Samuelsson.
18:12 of 3rd period - Stopped by Stuart Skinner with a rebound.
18:13 of 3rd period - Minor Penalty to Henry Thrun for Interference.
18:14 of 3rd period - Nick Bjugstad wins face-off versus Marco Rossi in Avalanche zone.
18:14 of 3rd period - Nick Bjugstad is hit by Marco Rossi.
18:30 of 3rd period - Shot by Marco Rossi.
18:30 of 3rd period - Deflect By Kasperi Kapanen.
18:30 of 3rd period - Shot Misses the Net.
19:11 of 3rd period - Shot by Dylan Strome.
19:11 of 3rd period - Goal by Dylan Strome - Oilers : 1 - Avalanche : 2.
19:12 of 3rd period - Dylan Strome wins face-off versus Adam Henrique in neutral zone.
19:21 of 3rd period - Oilers, Jack Campbell is pulled from the net.
Goals for this period are 1 for Oilers vs 1 for Avalanche.
Shots for this period are 8 for Oilers vs 9 for Avalanche.